DALLAS Stars vs SAN JOSE Sharks

Created - 8 avril 2024 at 18:03

Goals
1 2 3 T
DALLAS Stars 0 1 0 1
SAN JOSE Sharks 3 1 2 6
Shots
1 2 3 T
DALLAS Stars 9 14 7 30
SAN JOSE Sharks 14 6 10 30

1st period

1. SAN JOSE Sharks , Matt Nieto 7 (Troy Stecher 14, John Klingberg 33) at 3:52
2. SAN JOSE Sharks , Matt Nieto 8 (Cody Ceci 40, Brayden McNabb 33) at 7:56
3. SAN JOSE Sharks , Kyle Connor 42 (Brayden McNabb 34, Joe Pavelski 50) at 11:50

Penalties :
Matt Nieto (SJS) for Interference (Minor) at 1:33, Ben Hutton (DAL) for Tripping (Minor) at 8:33

2nd period

4. DALLAS Stars , Peyton Krebs 17 (Aliaksei Protas 10, Sonny Milano 23) at 8:41
5. SAN JOSE Sharks , Cal Clutterbuck 5 (Nick Cousins 8, Austin Watson 10) at 16:50

Penalties :
Brayden McNabb (SJS) for Holding (Minor) at 4:19, Peyton Krebs (DAL) for Holding (Minor) at 4:31, Matt Nieto (SJS) for Tripping (Minor) at 9:56, Jack Johnson (SJS) for Delaying the game (Minor) at 14:29

3rd period

6. SAN JOSE Sharks , Kyle Connor 43 (Brayden McNabb 35, John Tavares 54) at 6:48
7. SAN JOSE Sharks , Cal Clutterbuck 6 (Nick Cousins 9, Connor Murphy 22) at 8:27

Penalties :
Ben Hutton (DAL) for Cross-checking (Minor) at 9:54, Aliaksei Protas (DAL) for Tripping (Minor) at 14:20

Goalie Stats

Carter Hart (DAL), 9 saves from 11 shots - (0,818), 28:54 minutes
Matthew Villalta (DAL), 15 saves from 19 shots - (0,789), L, 6-30-0, 31:06 minutes
Darcy Kuemper (SJS), 29 saves from 30 shots - (0,967), W, 37-27-9, 60:00 minutes

Players Stats for DALLAS Stars

Player Name              G  A  P  +/- PIM S  H  SB GA TA FO     MP     PP MP  PK MP  
------------------------------------------------------------------------------------
Alexander Radulov        0  0  0  -3  0   2  0  1  0  0  4/8     9:09   0:00   1:29 
Aliaksei Protas          0  1  1   0  2   1  1  0  0  0  1/4    20:55   3:18   2:23 
Andreas Johnsson         0  0  0  -3  0   1  1  0  0  0  0/0     7:40   0:00   0:00 
Ben Hutton               0  0  0  -2  4   0  1  0  0  0  0/0    16:39   2:53   1:06 
Brendan Gallagher        0  0  0  -1  0   2  2  1  0  0  0/2    16:53   0:35   1:36 
Cam Atkinson             0  0  0  -1  0   4  0  0  0  0  0/1    12:20   3:00   0:00 
Conor Timmins            0  0  0  -1  0   0  1  3  0  0  0/0    23:05   2:53   3:05 
Darren Raddysh           0  0  0  -1  0   0  7  2  0  0  0/0    17:26   0:00   0:36 
Emil Bemstrom            0  0  0  -1  0   2  0  0  0  0  0/0    18:24   2:16   0:41 
Grigori Denisenko        0  0  0  -3  0   1  0  0  0  0  0/0     7:40   0:00   0:00 
Jesperi Kotkaniemi       0  0  0  -1  0   4  5  0  0  0  9/19   18:11   2:44   0:00 
Juuso Valimaki           0  0  0  -2  0   2  1  2  0  0  0/0    24:06   3:16   2:57 
Nicklas Backstrom        0  0  0  -1  0   1  1  1  0  0  0/1    10:01   0:00   0:41 
Paul Cotter              0  0  0  -1  0   1  1  0  0  0  7/17   13:12   0:00   3:52 
Peyton Krebs             1  0  1   0  2   3  4  0  0  0  13/27  18:08   3:24   0:00 
Ryan Suter               0  0  0  -2  0   1  1  1  0  0  0/0    22:29   3:16   1:03 
Sean Walker              0  0  0  -2  0   1  0  2  0  0  0/0    16:13   0:00   3:31 
Sonny Milano             0  1  1   0  0   4  2  0  0  0  1/2    19:29   3:09   1:36 

Players Stats for SAN JOSE Sharks

Player Name              G  A  P  +/- PIM S  H  SB GA TA FO     MP     PP MP  PK MP  
------------------------------------------------------------------------------------
Andrew Cogliano          0  0  0   2  0   1  1  0  0  0  2/3    10:38   0:00   0:00 
Andrew Mangiapane        0  0  0   0  0   5  0  0  0  0  1/1    17:18   2:53   0:00 
Austin Watson            0  1  1   2  0   0  1  0  0  0  0/0     5:11   0:00   0:00 
Brayden McNabb           0  3  3   3  2   0  2  2  0  0  0/0    25:12   3:23   3:04 
Cal Clutterbuck          2  0  2   2  0   3  2  0  0  0  0/0     6:14   0:00   1:03 
Cody Ceci                0  1  1   3  0   1  1  2  0  0  0/0    24:36   2:22   3:28 
Connor Murphy            0  1  1   2  0   0  2  2  0  0  0/0    19:12   0:24   2:53 
Evander Kane             0  0  0   0  0   1  3  0  0  0  0/1    17:18   2:53   0:00 
Jack Johnson             0  0  0   2  2   0  2  0  0  0  0/0    21:08   2:46   1:38 
Joe Pavelski             0  1  1   1  0   2  1  0  0  0  0/0    18:57   3:16   0:00 
John Klingberg           0  1  1   0  0   0  0  1  0  0  0/0    16:36   3:23   0:12 
John Tavares             0  1  1   1  0   2  2  0  0  0  18/31  24:10   3:16   4:09 
Kyle Connor              2  0  2   1  0   5  1  0  0  0  1/1    24:22   3:16   4:21 
Matias Maccelli          0  0  0   2  0   0  0  0  0  0  7/14   10:38   0:00   0:00 
Matt Nieto               2  0  2   2  4   4  2  0  0  0  0/1    12:16   0:00   0:57 
Nick Cousins             0  2  2   2  0   2  0  0  0  0  0/3     5:11   0:00   0:00 
Sam Bennett              0  0  0   0  0   4  1  0  0  0  17/26  19:49   2:53   1:48 
Troy Stecher             0  1  1   0  0   0  3  2  0  0  0/0    13:14   0:00   1:03 

3 Stars

1 - Cal Clutterbuck (SJS)
2 - Kyle Connor (SJS)
3 - Brayden McNabb (SJS)

Power Play

DALLAS Stars - 0 on 4 Attempt(s) - 0,00%
SAN JOSE Sharks - 0 on 4 Attempt(s) - 0,00%

Penalty Kill

DALLAS Stars - 4 on 4 Attempt(s) - 100,00% - Score 0 goal in Penalty Kill
SAN JOSE Sharks - 4 on 4 Attempt(s) - 100,00% - Score 0 goal in Penalty Kill

Team Stat

DALLAS Stars - Hits : 28 - Faceoff Wins : 35 - Blocked Shots : 13 - Penalty Minutes : 8
SAN JOSE Sharks - Hits : 24 - Faceoff Wins : 46 - Blocked Shots : 9 - Penalty Minutes : 8

Official

Referees : Brandon Blandina and Reid Anderson
Linesman : Alex Blair and Kirsten Welsh

Game Notes

Carter Hart enters game at 7:56 of 1st period
Matthew Villalta enters game at 16:50 of 2nd period

Finance

Level 1 -- Attendance: 4650 (77,50%) -- Ticket Income $465,000
Level 2 -- Attendance: 4148 (82,96%) -- Ticket Income $248,880
Level 3 -- Attendance: 1951 (97,55%) -- Ticket Income $68,285
Level 4 -- Attendance: 4000 (100,00%) -- Ticket Income $80,000
Luxury Box -- Attendance: 757 (75,70%) -- Ticket Income $151,400
Game was played at the SAP Center.
Total Attendance: 15506 (86,14%)
Total Ticket Income: $1,013,565
Other Income: $253,391
Total Income: $1,266,956

DALLAS Stars

5 vs 5 Forward 
   Center                   Left Wing                Right Wing               Time % Phy DF OF 
 1 Peyton Krebs             Sonny Milano             Aliaksei Protas          35     1   2  2  
 2 Jesperi Kotkaniemi       Emil Bemstrom            Brendan Gallagher        30     1   2  2  
 3 Paul Cotter              Nicklas Backstrom        Cam Atkinson             20     1   2  2  
 4 Alexander Radulov        Andreas Johnsson         Grigori Denisenko        15     1   2  2  

5 vs 5 Defense 
   Defense                  Defense                                           Time % Phy DF OF 
 1 Juuso Valimaki           Ryan Suter                                        40     1   1  3  
 2 Darren Raddysh           Conor Timmins                                     30     1   2  2  
 3 Sean Walker              Ben Hutton                                        20     2   2  1  
 4 Conor Timmins            Darren Raddysh                                    10     1   2  2  

PowerPlay Forward 
   Center                   Left Wing                Right Wing               Time % Phy DF OF 
 1 Jesperi Kotkaniemi       Cam Atkinson             Aliaksei Protas          60     1   2  2  
 2 Peyton Krebs             Sonny Milano             Emil Bemstrom            40     1   2  2  

PowerPlay Defense
   Defense                  Defense                                           Time % Phy DF OF 
 1 Juuso Valimaki           Ryan Suter                                        60     1   2  2  
 2 Ben Hutton               Conor Timmins                                     40     1   1  3  

Penalty Kill 4 Players Forward 
   Center                   Wing                     Time % Phy DF OF 
 1 Paul Cotter              Aliaksei Protas          60     1   2  2  
 2 Sonny Milano             Brendan Gallagher        40     1   2  2  

Penalty Kill 4 Players Defense
   Defense                  Defense                  Time % Phy DF OF 
 1 Ben Hutton               Sean Walker              60     1   2  2  
 2 Conor Timmins            Juuso Valimaki           40     1   2  2  

Penalty Kill - 3 Players Forward 
   Forward                                           Time % Phy DF OF 
 1 Paul Cotter                                       60     1   2  2  
 2 Aliaksei Protas                                   40     1   2  2  

Penalty Kill - 3 Players Defense
   Defense                  Defense                  Time % Phy DF OF 
 1 Darren Raddysh           Ryan Suter               60     1   2  2  
 2 Sean Walker              Ben Hutton               40     1   2  2  

4 vs 4 Forward 
   Center                   Wing                     Time % Phy DF OF 
 1 Jesperi Kotkaniemi       Emil Bemstrom            60     1   2  2  
 2 Peyton Krebs             Brendan Gallagher        40     1   2  2  

4 vs 4 Defense
   Defense                  Defense                  Time % Phy DF OF 
 1 Darren Raddysh           Juuso Valimaki           60     1   2  2  
 2 Conor Timmins            Ryan Suter               40     1   2  2  

Last Minutes Offensive
   Center                   Left Wing                Right Wing               Defense                  Defense                  
   Peyton Krebs             Jesperi Kotkaniemi       Aliaksei Protas          Conor Timmins            Juuso Valimaki           

Last Minutes Defensive
   Center                   Left Wing                Right Wing               Defense                  Defense                  
   Paul Cotter              Aliaksei Protas          Brendan Gallagher        Darren Raddysh           Ryan Suter               

Goaltenders
Starting : Matthew Villalta         
Backup : Carter Hart              

Extra Forwards
Normal : Aliaksei Protas, Peyton Krebs, Alexander Radulov - PP : Aliaksei Protas, Peyton Krebs - PK : Alexander Radulov
Extra Defensemen
Normal : Sean Walker, Juuso Valimaki, Conor Timmins - PP : Sean Walker - PK : Juuso Valimaki, Conor Timmins
Penalty Shots
Aliaksei Protas, Jesperi Kotkaniemi, Sonny Milano, Nicklas Backstrom, Peyton Krebs

Scratches
Zach Senyshyn (Healthy)

SAN JOSE Sharks

5 vs 5 Forward 
   Center                   Left Wing                Right Wing               Time % Phy DF OF 
 1 John Tavares             Kyle Connor              Joe Pavelski             40     1   2  2  
 2 Sam Bennett              Andrew Mangiapane        Evander Kane             30     2   2  1  
 3 Matias Maccelli          Andrew Cogliano          Matt Nieto               20     1   2  2  
 4 Nick Cousins             Cal Clutterbuck          Austin Watson            10     1   3  1  

5 vs 5 Defense 
   Defense                  Defense                                           Time % Phy DF OF 
 1 Brayden McNabb           Cody Ceci                                         40     1   2  2  
 2 Connor Murphy            Jack Johnson                                      30     1   2  2  
 3 Troy Stecher             John Klingberg                                    20     1   2  2  
 4 Brayden McNabb           Cody Ceci                                         10     1   2  2  

PowerPlay Forward 
   Center                   Left Wing                Right Wing               Time % Phy DF OF 
 1 John Tavares             Kyle Connor              Joe Pavelski             60     1   1  3  
 2 Sam Bennett              Evander Kane             Andrew Mangiapane        40     1   2  2  

PowerPlay Defense
   Defense                  Defense                                           Time % Phy DF OF 
 1 Brayden McNabb           John Klingberg                                    60     1   2  2  
 2 Cody Ceci                Jack Johnson                                      40     1   2  2  

Penalty Kill 4 Players Forward 
   Center                   Wing                     Time % Phy DF OF 
 1 John Tavares             Kyle Connor              60     1   3  1  
 2 Sam Bennett              Matt Nieto               40     1   3  1  

Penalty Kill 4 Players Defense
   Defense                  Defense                  Time % Phy DF OF 
 1 Brayden McNabb           Cody Ceci                60     1   3  1  
 2 Connor Murphy            Jack Johnson             40     1   3  1  

Penalty Kill - 3 Players Forward 
   Forward                                           Time % Phy DF OF 
 1 John Tavares                                      60     1   2  2  
 2 Sam Bennett                                       40     1   2  2  

Penalty Kill - 3 Players Defense
   Defense                  Defense                  Time % Phy DF OF 
 1 Brayden McNabb           Cody Ceci                60     1   2  2  
 2 Connor Murphy            Jack Johnson             40     1   2  2  

4 vs 4 Forward 
   Center                   Wing                     Time % Phy DF OF 
 1 John Tavares             Kyle Connor              60     1   2  2  
 2 Sam Bennett              Matt Nieto               40     1   2  2  

4 vs 4 Defense
   Defense                  Defense                  Time % Phy DF OF 
 1 Brayden McNabb           John Klingberg           60     1   2  2  
 2 Connor Murphy            Jack Johnson             40     1   2  2  

Last Minutes Offensive
   Center                   Left Wing                Right Wing               Defense                  Defense                  
   John Tavares             Kyle Connor              Joe Pavelski             Brayden McNabb           John Klingberg           

Last Minutes Defensive
   Center                   Left Wing                Right Wing               Defense                  Defense                  
   John Tavares             Kyle Connor              Joe Pavelski             Brayden McNabb           Connor Murphy            

Goaltenders
Starting : Darcy Kuemper            
Backup : Semyon Varlamov          

Extra Forwards
Normal : Andrew Cogliano, Matt Nieto, Cal Clutterbuck - PP : Andrew Cogliano, Matt Nieto - PK : Cal Clutterbuck
Extra Defensemen
Normal : Jack Johnson, Troy Stecher, John Klingberg - PP : Connor Murphy - PK : Jack Johnson, Troy Stecher
Penalty Shots
Joe Pavelski, John Tavares, Kyle Connor, Andrew Mangiapane, Sam Bennett

Scratches
Oliver Kylington (Healthy), Brett Howden (Healthy)

% Time on Ice - DALLAS Stars

Lines # - Real PCT - Wanted PCT - Time Play
Normal Forward
1 - 32% - 35% - 14:44
2 - 31% - 30% - 14:11
3 - 20% - 20% - 9:20
4 - 17% - 15% - 7:40
Normal Defense
1 - 37% - 40% - 17:08
2 - 30% - 30% - 13:59
3 - 28% - 20% - 12:42
4 - 5% - 10% - 2:06
PP Forward
1 - 49% - 60% - 3:00
2 - 51% - 40% - 3:09
PP Defense
1 - 53% - 60% - 3:16
2 - 47% - 40% - 2:53
PK Forward
1 - 74% - 60% - 4:33
2 - 26% - 40% - 1:36
PK Defense
1 - 71% - 60% - 4:23
2 - 29% - 40% - 1:46
PK3 Forward
1 - 0% - 60%
2 - 0% - 40%
PK3 Defense
1 - 0% - 60%
2 - 0% - 40%
44 Forward
1 - 71% - 60% - 1:16
2 - 29% - 40% - 0:31
44 Defense
1 - 42% - 60% - 0:45
2 - 58% - 40% - 1:02
Last Minute Offensive  - 0:00
Last Minute Defensive  - 0:00
Total
Forward - 60:00
Defense - 60:00

% Time on Ice - SAN JOSE Sharks

Lines # - Real PCT - Wanted PCT - Time Play
Normal Forward
1 - 34% - 40% - 15:41
2 - 31% - 30% - 14:25
3 - 23% - 20% - 10:38
4 - 11% - 10% - 5:11
Normal Defense
1 - 39% - 40% - 17:46
2 - 34% - 30% - 15:24
3 - 26% - 20% - 11:45
4 - 2% - 10% - 1:00
PP Forward
1 - 53% - 60% - 3:16
2 - 47% - 40% - 2:53
PP Defense
1 - 55% - 60% - 3:23
2 - 45% - 40% - 2:46
PK Forward
1 - 71% - 60% - 4:21
2 - 29% - 40% - 1:48
PK Defense
1 - 50% - 60% - 3:04
2 - 50% - 40% - 3:05
PK3 Forward
1 - 0% - 60%
2 - 0% - 40%
PK3 Defense
1 - 0% - 60%
2 - 0% - 40%
44 Forward
1 - 60% - 60% - 1:04
2 - 40% - 40% - 0:43
44 Defense
1 - 71% - 60% - 1:16
2 - 29% - 40% - 0:31
Last Minute Offensive  - 0:00
Last Minute Defensive  - 0:00
Total
Forward - 60:00
Defense - 60:00

Play-by-Play

1st period


0:01 of 1st period - Peyton Krebs wins face-off versus John Tavares in neutral zone.
0:08 of 1st period - Shot by Sonny Milano.
0:08 of 1st period - Stopped by Darcy Kuemper with a rebound.
0:10 of 1st period - Shot by Ryan Suter.
0:10 of 1st period - Stopped by Darcy Kuemper without a rebound.
0:11 of 1st period - Sam Bennett wins face-off versus Jesperi Kotkaniemi in SAN JOSE Sharks zone.
0:35 of 1st period - Shot by Evander Kane.
0:35 of 1st period - Shot Misses the Net.
0:37 of 1st period - Shot by Evander Kane.
0:37 of 1st period - Stopped by Matthew Villalta with a rebound.
0:39 of 1st period - Shot by Andrew Mangiapane.
0:39 of 1st period - Stopped by Matthew Villalta without a rebound.
0:40 of 1st period - Matias Maccelli wins face-off versus Paul Cotter in DALLAS Stars zone.
0:53 of 1st period - Paul Cotter is hit by Matt Nieto.
0:56 of 1st period - Ben Hutton is hit by Troy Stecher and loses puck.
1:12 of 1st period - Icing by Andrew Cogliano.
1:13 of 1st period - Matias Maccelli wins face-off versus Peyton Krebs in SAN JOSE Sharks zone.
1:33 of 1st period - Minor Penalty to Matt Nieto for Interference.
1:34 of 1st period - Jesperi Kotkaniemi wins face-off versus John Tavares in SAN JOSE Sharks zone.
1:43 of 1st period - Shot by Jesperi Kotkaniemi.
1:43 of 1st period - Stopped by Darcy Kuemper without a rebound.
1:44 of 1st period - Peyton Krebs wins face-off versus John Tavares in SAN JOSE Sharks zone.
1:47 of 1st period - Shot by Juuso Valimaki.
1:47 of 1st period - Stopped by Darcy Kuemper with a rebound.
2:07 of 1st period - Shot by Peyton Krebs.
2:07 of 1st period - Shot Misses the Net.
2:09 of 1st period - Shot by Ryan Suter.
2:09 of 1st period - Shot Misses the Net.
2:35 of 1st period - Shot by Aliaksei Protas.
2:35 of 1st period - Shot Misses the Net.
3:27 of 1st period - Off-side.
3:28 of 1st period - Sam Bennett wins face-off versus Sonny Milano in neutral zone.
3:28 of 1st period - Sam Bennett is hit by Peyton Krebs.
3:42 of 1st period - Shot by Andrew Cogliano.
3:42 of 1st period - Stopped by Matthew Villalta with a rebound.
3:44 of 1st period - Shot by Andrew Cogliano.
3:44 of 1st period - Shot Misses the Net.
3:46 of 1st period - Shot by John Klingberg.
3:46 of 1st period - Shot Misses the Net.
3:48 of 1st period - Shot by Matt Nieto.
3:48 of 1st period - Shot Misses the Net.
3:52 of 1st period - Shot by Matt Nieto.
3:52 of 1st period - Goal by Matt Nieto - DALLAS Stars : 0 - SAN JOSE Sharks : 1.
3:53 of 1st period - Sam Bennett wins face-off versus Peyton Krebs in neutral zone.
3:56 of 1st period - Peyton Krebs is hit by Evander Kane and loses puck.
4:02 of 1st period - Conor Timmins is hit by Connor Murphy and loses puck.
4:29 of 1st period - Shot by Andrew Mangiapane.
4:29 of 1st period - Shot Hit the Post.
4:40 of 1st period - Peyton Krebs is hit by Jack Johnson and loses puck.
4:48 of 1st period - Icing by Connor Murphy.
4:49 of 1st period - Sam Bennett wins face-off versus Brendan Gallagher in SAN JOSE Sharks zone.
4:53 of 1st period - Connor Murphy is hit by Ryan Suter and loses puck.
5:22 of 1st period - Shot by Austin Watson.
5:22 of 1st period - Shot Misses the Net.
5:24 of 1st period - Shot by Nick Cousins.
5:24 of 1st period - Stopped by Matthew Villalta without a rebound.
5:25 of 1st period - John Tavares wins face-off versus Nicklas Backstrom in DALLAS Stars zone.
5:51 of 1st period - Icing by Cody Ceci.
5:52 of 1st period - Alexander Radulov wins face-off versus John Tavares in SAN JOSE Sharks zone.
6:58 of 1st period - Shot by Cal Clutterbuck.
6:58 of 1st period - Stopped by Matthew Villalta with a rebound.
7:00 of 1st period - Shot by Austin Watson.
7:00 of 1st period - Deflect By Nick Cousins.
7:00 of 1st period - Stopped by Matthew Villalta with a rebound.
7:29 of 1st period - Icing by Jesperi Kotkaniemi.
7:30 of 1st period - Jesperi Kotkaniemi wins face-off versus Matias Maccelli in DALLAS Stars zone.
7:41 of 1st period - Andrew Cogliano is hit by Jesperi Kotkaniemi and loses puck.
7:56 of 1st period - Shot by Matt Nieto.
7:56 of 1st period - Goal by Matt Nieto - DALLAS Stars : 0 - SAN JOSE Sharks : 2.
7:56 of 1st period - Carter Hart enters game.
7:57 of 1st period - John Tavares wins face-off versus Paul Cotter in neutral zone.
8:18 of 1st period - Shot by Cam Atkinson.
8:18 of 1st period - Stopped by Darcy Kuemper without a rebound.
8:19 of 1st period - Peyton Krebs wins face-off versus Sam Bennett in SAN JOSE Sharks zone.
8:33 of 1st period - Minor Penalty to Ben Hutton for Tripping.
8:34 of 1st period - John Tavares wins face-off versus Paul Cotter in DALLAS Stars zone.
10:33 of 1st period - Icing by Kyle Connor.
10:34 of 1st period - Alexander Radulov wins face-off versus Matias Maccelli in SAN JOSE Sharks zone.
10:44 of 1st period - Icing by Matt Nieto.
10:45 of 1st period - Matias Maccelli wins face-off versus Brendan Gallagher in SAN JOSE Sharks zone.
11:06 of 1st period - Shot by Matt Nieto.
11:06 of 1st period - Shot Misses the Net.
11:08 of 1st period - Shot by Connor Murphy.
11:08 of 1st period - Shot Blocked by Sean Walker.
11:50 of 1st period - Shot by Kyle Connor.
11:50 of 1st period - The goal is going for a video replay.
11:50 of 1st period - The goal is good.
11:50 of 1st period - Goal by Kyle Connor - DALLAS Stars : 0 - SAN JOSE Sharks : 3.
11:51 of 1st period - Peyton Krebs wins face-off versus Sam Bennett in neutral zone.
11:51 of 1st period - Sonny Milano is hit by Evander Kane and loses puck.
12:20 of 1st period - Shot by Sam Bennett.
12:20 of 1st period - Stopped by Carter Hart without a rebound.
12:21 of 1st period - Paul Cotter wins face-off versus John Tavares in DALLAS Stars zone.
12:28 of 1st period - Shot by Cam Atkinson.
12:28 of 1st period - Stopped by Darcy Kuemper with a rebound.
12:40 of 1st period - Shot by Kyle Connor.
12:40 of 1st period - Shot Misses the Net.
12:42 of 1st period - Shot by Joe Pavelski.
12:42 of 1st period - Deflect By Kyle Connor.
12:42 of 1st period - Stopped by Carter Hart without a rebound.
12:43 of 1st period - Jesperi Kotkaniemi wins face-off versus Sam Bennett in DALLAS Stars zone.
13:24 of 1st period - Shot by Jesperi Kotkaniemi.
13:24 of 1st period - Shot Blocked by Brayden McNabb.
13:54 of 1st period - Shot by John Tavares.
13:54 of 1st period - Stopped by Carter Hart without a rebound.
13:55 of 1st period - Paul Cotter wins face-off versus Nick Cousins in DALLAS Stars zone.
13:55 of 1st period - Paul Cotter is hit by Cal Clutterbuck.
14:12 of 1st period - Sean Walker is hit by Austin Watson.
14:17 of 1st period - Off-side.
14:18 of 1st period - Peyton Krebs wins face-off versus John Tavares in neutral zone.
14:33 of 1st period - Shot by Sonny Milano.
14:33 of 1st period - Shot Misses the Net.
14:39 of 1st period - Connor Murphy is hit by Sonny Milano and loses puck.
14:53 of 1st period - Joe Pavelski is hit by Darren Raddysh and loses puck.
14:59 of 1st period - Icing by Aliaksei Protas.
15:00 of 1st period - Aliaksei Protas wins face-off versus Sam Bennett in DALLAS Stars zone.
15:02 of 1st period - Icing by Sonny Milano.
15:03 of 1st period - Peyton Krebs wins face-off versus Sam Bennett in DALLAS Stars zone.
15:08 of 1st period - Evander Kane is hit by Sonny Milano and loses puck.
16:35 of 1st period - Shot by Kyle Connor.
16:35 of 1st period - Stopped by Carter Hart with a rebound.
16:57 of 1st period - Shot by Jesperi Kotkaniemi.
16:57 of 1st period - Stopped by Darcy Kuemper with a rebound.
16:59 of 1st period - Shot by Jesperi Kotkaniemi.
16:59 of 1st period - Deflect By Emil Bemstrom.
16:59 of 1st period - Stopped by Darcy Kuemper without a rebound.
17:00 of 1st period - Andrew Cogliano wins face-off versus Alexander Radulov in SAN JOSE Sharks zone.
18:06 of 1st period - Shot by Sonny Milano.
18:06 of 1st period - Shot Hit the Post.
18:16 of 1st period - Shot by Sonny Milano.
18:16 of 1st period - Stopped by Darcy Kuemper without a rebound.
18:17 of 1st period - John Tavares wins face-off versus Jesperi Kotkaniemi in SAN JOSE Sharks zone.
18:19 of 1st period - Kyle Connor is hit by Jesperi Kotkaniemi and loses puck.
18:36 of 1st period - Icing by John Tavares.
18:37 of 1st period - John Tavares wins face-off versus Peyton Krebs in SAN JOSE Sharks zone.
18:37 of 1st period - John Tavares is hit by Aliaksei Protas.
19:40 of 1st period - Off-side.
19:41 of 1st period - Sam Bennett wins face-off versus Jesperi Kotkaniemi in neutral zone.
19:47 of 1st period - Icing by Juuso Valimaki.
19:48 of 1st period - Sam Bennett wins face-off versus Jesperi Kotkaniemi in DALLAS Stars zone.
19:51 of 1st period - Shot by Sam Bennett.
19:51 of 1st period - Deflect By Andrew Mangiapane.
19:51 of 1st period - Shot Blocked by Ryan Suter.
19:53 of 1st period - Shot by Sam Bennett.
19:53 of 1st period - Stopped by Carter Hart with a rebound.
Goals for this period are 0 for DALLAS Stars vs 3 for SAN JOSE Sharks.
Shots for this period are 9 for DALLAS Stars vs 14 for SAN JOSE Sharks.

2nd period


0:01 of 2nd period - John Tavares wins face-off versus Peyton Krebs in neutral zone.
0:38 of 2nd period - Icing by Brayden McNabb.
0:39 of 2nd period - Jesperi Kotkaniemi wins face-off versus John Tavares in SAN JOSE Sharks zone.
0:59 of 2nd period - Shot by Jesperi Kotkaniemi.
0:59 of 2nd period - Stopped by Darcy Kuemper without a rebound.
1:00 of 2nd period - Sam Bennett wins face-off versus Paul Cotter in SAN JOSE Sharks zone.
1:11 of 2nd period - Shot by Andrew Mangiapane.
1:11 of 2nd period - Stopped by Carter Hart without a rebound.
1:12 of 2nd period - Peyton Krebs wins face-off versus Matias Maccelli in DALLAS Stars zone.
1:17 of 2nd period - Shot by John Klingberg.
1:17 of 2nd period - Shot Misses the Net.
1:32 of 2nd period - Shot by John Klingberg.
1:32 of 2nd period - Shot Misses the Net.
2:25 of 2nd period - Sam Bennett is hit by Darren Raddysh and loses puck.
2:32 of 2nd period - Shot by Evander Kane.
2:32 of 2nd period - Shot Misses the Net.
2:35 of 2nd period - Andrew Mangiapane is hit by Darren Raddysh and loses puck.
2:41 of 2nd period - Andrew Mangiapane is hit by Darren Raddysh.
3:17 of 2nd period - Shot by John Tavares.
3:17 of 2nd period - Stopped by Carter Hart without a rebound.
3:18 of 2nd period - Alexander Radulov wins face-off versus Nick Cousins in DALLAS Stars zone.
3:18 of 2nd period - Alexander Radulov is hit by Cal Clutterbuck.
3:26 of 2nd period - Cal Clutterbuck is hit by Andreas Johnsson and loses puck.
3:49 of 2nd period - Shot by Grigori Denisenko.
3:49 of 2nd period - Stopped by Darcy Kuemper with a rebound.
3:51 of 2nd period - Shot by Alexander Radulov.
3:51 of 2nd period - Stopped by Darcy Kuemper without a rebound.
3:52 of 2nd period - John Tavares wins face-off versus Cam Atkinson in SAN JOSE Sharks zone.
4:07 of 2nd period - Shot by Kyle Connor.
4:07 of 2nd period - Shot Blocked by Nicklas Backstrom.
4:19 of 2nd period - Minor Penalty to Brayden McNabb for Holding.
4:20 of 2nd period - John Tavares wins face-off versus Peyton Krebs in SAN JOSE Sharks zone.
4:31 of 2nd period - Minor Penalty to Peyton Krebs for Holding.
4:32 of 2nd period - John Tavares wins face-off versus Jesperi Kotkaniemi in DALLAS Stars zone.
4:33 of 2nd period - Shot by John Klingberg.
4:33 of 2nd period - Shot Misses the Net.
4:45 of 2nd period - Shot by Emil Bemstrom.
4:45 of 2nd period - Deflect By Jesperi Kotkaniemi.
4:45 of 2nd period - Stopped by Darcy Kuemper without a rebound.
4:46 of 2nd period - John Tavares wins face-off versus Jesperi Kotkaniemi in SAN JOSE Sharks zone.
4:59 of 2nd period - Shot by Jesperi Kotkaniemi.
4:59 of 2nd period - Shot Misses the Net.
5:11 of 2nd period - Shot by Emil Bemstrom.
5:11 of 2nd period - Deflect By Jesperi Kotkaniemi.
5:11 of 2nd period - Shot Blocked by John Klingberg.
5:47 of 2nd period - Shot by Matt Nieto.
5:47 of 2nd period - Stopped by Carter Hart without a rebound.
5:48 of 2nd period - John Tavares wins face-off versus Aliaksei Protas in DALLAS Stars zone.
5:49 of 2nd period - Shot by Kyle Connor.
5:49 of 2nd period - Shot Misses the Net.
6:01 of 2nd period - Shot by Aliaksei Protas.
6:01 of 2nd period - Stopped by Darcy Kuemper without a rebound.
6:02 of 2nd period - Sam Bennett wins face-off versus Aliaksei Protas in SAN JOSE Sharks zone.
7:48 of 2nd period - Cam Atkinson is hit by Andrew Cogliano and loses puck.
8:39 of 2nd period - Shot by Aliaksei Protas.
8:39 of 2nd period - Shot Blocked by Troy Stecher.
8:41 of 2nd period - Shot by Peyton Krebs.
8:41 of 2nd period - Goal by Peyton Krebs - DALLAS Stars : 1 - SAN JOSE Sharks : 3.
8:42 of 2nd period - Jesperi Kotkaniemi wins face-off versus Sam Bennett in neutral zone.
8:42 of 2nd period - Jesperi Kotkaniemi is hit by Sam Bennett.
8:54 of 2nd period - Shot by Sam Bennett.
8:54 of 2nd period - Stopped by Carter Hart with a rebound.
8:56 of 2nd period - Shot by Brayden McNabb.
8:56 of 2nd period - Shot Misses the Net.
8:58 of 2nd period - Shot by Evander Kane.
8:58 of 2nd period - Deflect By Andrew Mangiapane.
8:58 of 2nd period - Shot Blocked by Brendan Gallagher.
9:41 of 2nd period - Jesperi Kotkaniemi is hit by Matt Nieto and loses puck.
9:51 of 2nd period - Matias Maccelli is hit by Darren Raddysh.
9:56 of 2nd period - Minor Penalty to Matt Nieto for Tripping.
9:57 of 2nd period - John Tavares wins face-off versus Peyton Krebs in SAN JOSE Sharks zone.
10:12 of 2nd period - Shot by Juuso Valimaki.
10:12 of 2nd period - Stopped by Darcy Kuemper without a rebound.
10:13 of 2nd period - John Tavares wins face-off versus Peyton Krebs in SAN JOSE Sharks zone.
10:19 of 2nd period - Icing by Sonny Milano.
10:20 of 2nd period - Peyton Krebs wins face-off versus John Tavares in DALLAS Stars zone.
10:40 of 2nd period - Juuso Valimaki is hit by John Tavares and loses puck.
11:52 of 2nd period - Shot by Juuso Valimaki.
11:52 of 2nd period - Shot Blocked by Brayden McNabb.
12:12 of 2nd period - Shot by Andreas Johnsson.
12:12 of 2nd period - Stopped by Darcy Kuemper without a rebound.
12:13 of 2nd period - Andrew Mangiapane wins face-off versus Paul Cotter in SAN JOSE Sharks zone.
12:15 of 2nd period - Icing by Sam Bennett.
12:16 of 2nd period - Sam Bennett wins face-off versus Alexander Radulov in SAN JOSE Sharks zone.
12:26 of 2nd period - Shot by Alexander Radulov.
12:26 of 2nd period - Stopped by Darcy Kuemper with a rebound.
12:43 of 2nd period - Icing by John Klingberg.
12:44 of 2nd period - Peyton Krebs wins face-off versus Sam Bennett in SAN JOSE Sharks zone.
13:57 of 2nd period - Shot by Emil Bemstrom.
13:57 of 2nd period - Deflect By Jesperi Kotkaniemi.
13:57 of 2nd period - Shot Hit the Post.
13:59 of 2nd period - Shot by Darren Raddysh.
13:59 of 2nd period - Shot Misses the Net.
14:01 of 2nd period - Shot by Jesperi Kotkaniemi.
14:01 of 2nd period - Shot Misses the Net.
14:21 of 2nd period - Shot by Cam Atkinson.
14:21 of 2nd period - Stopped by Darcy Kuemper without a rebound.
14:22 of 2nd period - Paul Cotter wins face-off versus Matt Nieto in SAN JOSE Sharks zone.
14:26 of 2nd period - Icing by Connor Murphy.
14:27 of 2nd period - Paul Cotter wins face-off versus Matias Maccelli in SAN JOSE Sharks zone.
14:27 of 2nd period - Sean Walker is hit by Connor Murphy and loses puck.
14:29 of 2nd period - Minor Penalty to Jack Johnson for Delaying the game.
14:30 of 2nd period - Jesperi Kotkaniemi wins face-off versus Sam Bennett in SAN JOSE Sharks zone.
14:31 of 2nd period - Shot by Ryan Suter.
14:31 of 2nd period - Shot Misses the Net.
15:04 of 2nd period - Shot by Ryan Suter.
15:04 of 2nd period - Shot Blocked by Connor Murphy.
15:06 of 2nd period - Shot by Jesperi Kotkaniemi.
15:06 of 2nd period - Shot Blocked by Connor Murphy.
15:26 of 2nd period - Shot by Sonny Milano.
15:26 of 2nd period - Stopped by Darcy Kuemper without a rebound.
15:27 of 2nd period - Peyton Krebs wins face-off versus John Tavares in SAN JOSE Sharks zone.
16:34 of 2nd period - Shot by Jack Johnson.
16:34 of 2nd period - Shot Blocked by Darren Raddysh.
16:36 of 2nd period - Shot by Cal Clutterbuck.
16:36 of 2nd period - Shot Blocked by Conor Timmins.
16:38 of 2nd period - Shot by Cal Clutterbuck.
16:38 of 2nd period - Shot Misses the Net.
16:46 of 2nd period - Shot by Austin Watson.
16:46 of 2nd period - Shot Blocked by Conor Timmins.
16:48 of 2nd period - Shot by Nick Cousins.
16:48 of 2nd period - Shot Misses the Net.
16:50 of 2nd period - Shot by Cal Clutterbuck.
16:50 of 2nd period - Goal by Cal Clutterbuck - DALLAS Stars : 1 - SAN JOSE Sharks : 4.
16:50 of 2nd period - Matthew Villalta enters game.
16:51 of 2nd period - Paul Cotter wins face-off versus Sam Bennett in neutral zone.
17:24 of 2nd period - Shot by Paul Cotter.
17:24 of 2nd period - Stopped by Darcy Kuemper without a rebound.
17:25 of 2nd period - Peyton Krebs wins face-off versus Andrew Cogliano in SAN JOSE Sharks zone.
17:33 of 2nd period - Shot by Sonny Milano.
17:33 of 2nd period - Stopped by Darcy Kuemper without a rebound.
17:34 of 2nd period - John Tavares wins face-off versus Peyton Krebs in SAN JOSE Sharks zone.
17:59 of 2nd period - Shot by Joe Pavelski.
17:59 of 2nd period - Shot Misses the Net.
18:48 of 2nd period - Shot by Andrew Mangiapane.
18:48 of 2nd period - Shot Misses the Net.
18:54 of 2nd period - Shot by Andrew Mangiapane.
18:54 of 2nd period - Stopped by Matthew Villalta without a rebound.
18:55 of 2nd period - Matias Maccelli wins face-off versus Paul Cotter in DALLAS Stars zone.
18:55 of 2nd period - Andrew Cogliano is hit by Conor Timmins and loses puck.
19:09 of 2nd period - Nicklas Backstrom is hit by Troy Stecher and loses puck.
19:14 of 2nd period - Shot by Nicklas Backstrom.
19:14 of 2nd period - Stopped by Darcy Kuemper without a rebound.
19:15 of 2nd period - Sam Bennett wins face-off versus Alexander Radulov in SAN JOSE Sharks zone.
Goals for this period are 1 for DALLAS Stars vs 1 for SAN JOSE Sharks.
Shots for this period are 14 for DALLAS Stars vs 6 for SAN JOSE Sharks.

3rd period


0:01 of 3rd period - John Tavares wins face-off versus Peyton Krebs in neutral zone.
0:10 of 3rd period - Shot by Joe Pavelski.
0:10 of 3rd period - Stopped by Matthew Villalta without a rebound.
0:11 of 3rd period - Sam Bennett wins face-off versus Jesperi Kotkaniemi in DALLAS Stars zone.
0:13 of 3rd period - Andrew Mangiapane is hit by Darren Raddysh and loses puck.
2:03 of 3rd period - Shot by Peyton Krebs.
2:03 of 3rd period - Stopped by Darcy Kuemper without a rebound.
2:04 of 3rd period - Matias Maccelli wins face-off versus Paul Cotter in SAN JOSE Sharks zone.
2:58 of 3rd period - Icing by Grigori Denisenko.
2:59 of 3rd period - Sam Bennett wins face-off versus Alexander Radulov in DALLAS Stars zone.
3:28 of 3rd period - Off-side.
3:29 of 3rd period - John Tavares wins face-off versus Peyton Krebs in neutral zone.
3:51 of 3rd period - Icing by Darren Raddysh.
3:52 of 3rd period - Sam Bennett wins face-off versus Peyton Krebs in DALLAS Stars zone.
3:57 of 3rd period - Shot by Andrew Mangiapane.
3:57 of 3rd period - Stopped by Matthew Villalta without a rebound.
3:58 of 3rd period - Kyle Connor wins face-off versus Jesperi Kotkaniemi in DALLAS Stars zone.
3:59 of 3rd period - Shot by Joe Pavelski.
3:59 of 3rd period - Shot Misses the Net.
4:06 of 3rd period - Jesperi Kotkaniemi is hit by John Tavares and loses puck.
4:10 of 3rd period - Jesperi Kotkaniemi is hit by Joe Pavelski and loses puck.
4:15 of 3rd period - Shot by Jesperi Kotkaniemi.
4:15 of 3rd period - Shot Blocked by Cody Ceci.
4:17 of 3rd period - Shot by Brendan Gallagher.
4:17 of 3rd period - Stopped by Darcy Kuemper without a rebound.
4:18 of 3rd period - Andrew Cogliano wins face-off versus Aliaksei Protas in SAN JOSE Sharks zone.
4:20 of 3rd period - Icing by Connor Murphy.
4:21 of 3rd period - Peyton Krebs wins face-off versus Matias Maccelli in SAN JOSE Sharks zone.
4:21 of 3rd period - Darren Raddysh is hit by Jack Johnson and loses puck.
4:32 of 3rd period - Matt Nieto is hit by Peyton Krebs and loses puck.
4:37 of 3rd period - Shot by Peyton Krebs.
4:37 of 3rd period - Stopped by Darcy Kuemper without a rebound.
4:38 of 3rd period - John Tavares wins face-off versus Jesperi Kotkaniemi in SAN JOSE Sharks zone.
4:38 of 3rd period - Kyle Connor is hit by Jesperi Kotkaniemi and loses puck.
4:42 of 3rd period - Cody Ceci is hit by Brendan Gallagher and loses puck.
4:56 of 3rd period - John Tavares is hit by Jesperi Kotkaniemi and loses puck.
5:15 of 3rd period - John Tavares is hit by Juuso Valimaki and loses puck.
5:18 of 3rd period - Shot by Joe Pavelski.
5:18 of 3rd period - Stopped by Matthew Villalta without a rebound.
5:19 of 3rd period - Sam Bennett wins face-off versus Peyton Krebs in DALLAS Stars zone.
5:28 of 3rd period - Conor Timmins is hit by Evander Kane and loses puck.
6:00 of 3rd period - Shot by Evander Kane.
6:00 of 3rd period - Shot Misses the Net.
6:46 of 3rd period - Shot by Brayden McNabb.
6:46 of 3rd period - Shot Misses the Net.
6:48 of 3rd period - Shot by Kyle Connor.
6:48 of 3rd period - Goal by Kyle Connor - DALLAS Stars : 1 - SAN JOSE Sharks : 5.
6:49 of 3rd period - Jesperi Kotkaniemi wins face-off versus Matias Maccelli in neutral zone.
8:03 of 3rd period - Icing by Ryan Suter.
8:04 of 3rd period - Jesperi Kotkaniemi wins face-off versus Nick Cousins in DALLAS Stars zone.
8:23 of 3rd period - Shot by Nick Cousins.
8:23 of 3rd period - Shot Misses the Net.
8:25 of 3rd period - Shot by Connor Murphy.
8:25 of 3rd period - Deflect By Nick Cousins.
8:25 of 3rd period - Shot Misses the Net.
8:27 of 3rd period - Shot by Cal Clutterbuck.
8:27 of 3rd period - Goal by Cal Clutterbuck - DALLAS Stars : 1 - SAN JOSE Sharks : 6.
8:28 of 3rd period - Peyton Krebs wins face-off versus John Tavares in neutral zone.
8:28 of 3rd period - Conor Timmins is hit by Kyle Connor and loses puck.
8:34 of 3rd period - Darren Raddysh is hit by Brayden McNabb and loses puck.
9:21 of 3rd period - Shot by Cam Atkinson.
9:21 of 3rd period - Stopped by Darcy Kuemper with a rebound.
9:25 of 3rd period - Shot by Cam Atkinson.
9:25 of 3rd period - Shot Misses the Net.
9:33 of 3rd period - Shot by Cam Atkinson.
9:33 of 3rd period - Shot Hit the Post.
9:35 of 3rd period - Shot by Sean Walker.
9:35 of 3rd period - Shot Blocked by Cody Ceci.
9:37 of 3rd period - Shot by Sean Walker.
9:37 of 3rd period - Stopped by Darcy Kuemper without a rebound.
9:38 of 3rd period - Alexander Radulov wins face-off versus Evander Kane in SAN JOSE Sharks zone.
9:50 of 3rd period - Andrew Mangiapane is hit by Ben Hutton and loses puck.
9:54 of 3rd period - Minor Penalty to Ben Hutton for Cross-checking.
9:55 of 3rd period - Sam Bennett wins face-off versus Paul Cotter in DALLAS Stars zone.
10:44 of 3rd period - Shot by Joe Pavelski.
10:44 of 3rd period - Shot Blocked by Darren Raddysh.
10:46 of 3rd period - Shot by Cody Ceci.
10:46 of 3rd period - Shot Misses the Net.
10:48 of 3rd period - Shot by Cody Ceci.
10:48 of 3rd period - Stopped by Matthew Villalta without a rebound.
10:49 of 3rd period - Sam Bennett wins face-off versus Paul Cotter in DALLAS Stars zone.
11:05 of 3rd period - Shot by Sam Bennett.
11:05 of 3rd period - Stopped by Matthew Villalta without a rebound.
11:06 of 3rd period - Sonny Milano wins face-off versus John Tavares in DALLAS Stars zone.
11:19 of 3rd period - Shot by John Tavares.
11:19 of 3rd period - Shot Misses the Net.
11:58 of 3rd period - Shot by Matt Nieto.
11:58 of 3rd period - Stopped by Matthew Villalta without a rebound.
11:59 of 3rd period - Matias Maccelli wins face-off versus Jesperi Kotkaniemi in DALLAS Stars zone.
12:22 of 3rd period - Shot by Brendan Gallagher.
12:22 of 3rd period - Stopped by Darcy Kuemper without a rebound.
12:23 of 3rd period - Sam Bennett wins face-off versus Peyton Krebs in SAN JOSE Sharks zone.
12:23 of 3rd period - Sam Bennett is hit by Peyton Krebs.
12:29 of 3rd period - Shot by Evander Kane.
12:29 of 3rd period - Shot Misses the Net.
12:31 of 3rd period - Shot by Troy Stecher.
12:31 of 3rd period - Shot Blocked by Juuso Valimaki.
12:41 of 3rd period - Shot by John Klingberg.
12:41 of 3rd period - Shot Misses the Net.
12:43 of 3rd period - Shot by Andrew Mangiapane.
12:43 of 3rd period - Shot Blocked by Juuso Valimaki.
12:45 of 3rd period - Shot by Sam Bennett.
12:45 of 3rd period - Shot Misses the Net.
12:47 of 3rd period - Shot by Troy Stecher.
12:47 of 3rd period - Shot Misses the Net.
12:49 of 3rd period - Shot by Sam Bennett.
12:49 of 3rd period - Shot Misses the Net.
12:51 of 3rd period - Shot by Troy Stecher.
12:51 of 3rd period - Shot Misses the Net.
12:53 of 3rd period - Shot by Sam Bennett.
12:53 of 3rd period - Deflect By Andrew Mangiapane.
12:53 of 3rd period - Stopped by Matthew Villalta without a rebound.
12:54 of 3rd period - Jesperi Kotkaniemi wins face-off versus John Tavares in DALLAS Stars zone.
13:01 of 3rd period - Joe Pavelski is hit by Jesperi Kotkaniemi and loses puck.
13:12 of 3rd period - Shot by Emil Bemstrom.
13:12 of 3rd period - Shot Misses the Net.
13:14 of 3rd period - Shot by Emil Bemstrom.
13:14 of 3rd period - Stopped by Darcy Kuemper without a rebound.
13:15 of 3rd period - Paul Cotter wins face-off versus Matias Maccelli in SAN JOSE Sharks zone.
13:15 of 3rd period - Paul Cotter is hit by Brayden McNabb.
13:36 of 3rd period - Paul Cotter is hit by Cody Ceci and loses puck.
14:20 of 3rd period - Minor Penalty to Aliaksei Protas for Tripping.
14:21 of 3rd period - John Tavares wins face-off versus Paul Cotter in DALLAS Stars zone.
14:26 of 3rd period - Shot by Kyle Connor.
14:26 of 3rd period - Stopped by Matthew Villalta without a rebound.
14:27 of 3rd period - Paul Cotter wins face-off versus John Tavares in DALLAS Stars zone.
14:50 of 3rd period - Shot by Kyle Connor.
14:50 of 3rd period - Shot Blocked by Conor Timmins.
14:52 of 3rd period - Shot by John Tavares.
14:52 of 3rd period - Shot Blocked by Alexander Radulov.
15:21 of 3rd period - Andrew Mangiapane is hit by Brendan Gallagher and loses puck.
15:43 of 3rd period - Andrew Mangiapane is hit by Nicklas Backstrom.
16:31 of 3rd period - Cal Clutterbuck is hit by Darren Raddysh and loses puck.
16:45 of 3rd period - Nick Cousins is hit by Peyton Krebs and loses puck.
17:17 of 3rd period - Alexander Radulov is hit by Troy Stecher and loses puck.
17:22 of 3rd period - Shot by Andreas Johnsson.
17:22 of 3rd period - Shot Blocked by Troy Stecher.
17:58 of 3rd period - Shot by Andrew Mangiapane.
17:58 of 3rd period - Shot Misses the Net.
18:00 of 3rd period - Shot by Connor Murphy.
18:00 of 3rd period - Shot Blocked by Sean Walker.
18:38 of 3rd period - Off-side.
18:39 of 3rd period - Matias Maccelli wins face-off versus Peyton Krebs in neutral zone.
19:33 of 3rd period - Joe Pavelski is hit by Paul Cotter and loses puck.
19:50 of 3rd period - Shot by John Tavares.
19:50 of 3rd period - Shot Misses the Net.
Goals for this period are 0 for DALLAS Stars vs 2 for SAN JOSE Sharks.
Shots for this period are 7 for DALLAS Stars vs 10 for SAN JOSE Sharks. Output by the SimonT Hockey Simulator (STHS) for Martin Benoit - Original Page W3C HTML5 Valid
Hockey Simulator - Hockey Simulation - Hockey Manager